 Dungeon Crawl Stone Soup version 0.29-a0-1027-gcd8c55af63 (webtiles) character file.

Game seed: 13168383278573779328

63 xian the Scratcher (level 3, 17/17 HPs)
             Began as a Felid Fighter on Aug 12, 2022.
             Quit the game on level 4 of the Dungeon.
             The game lasted 00:06:53 (3535 turns).

xian the Scratcher (Felid Fighter)                  Turns: 3535, Time: 00:06:54

Health: 17/17      AC:  1    Str: 14    XL:     3   Next: 89%
Magic:  4/4        EV: 19    Int:  9    God:
Gold:   204        SH:  0    Dex: 15    Spells: 2/2 levels left
                                        Lives:  0   Deaths: 1

rFire   . . .      SeeInvis +     - Unarmed
rCold   . . .      Faith    .   (shield unavailable)
rNeg    . . .      Spirit   .   (body armour unavailable)
rPois   .          Reflect  .   (helmet unavailable)
rElec   .          Harm     .   (cloak unavailable)
rCorr   .          Rampage  .   (gloves unavailable)
Will    .....                   (boots unavailable)
Stlth   ++........              (no amulet)
HPRegen 0.05/turn               (no ring)
MPRegen 0.09/turn               (no ring)

@: quick
A: very small, claws 1, fangs 3, see invisible, speed 1, shaggy fur 1, stealthy
paws, no weapons or thrown items, no armour, multi-lived
a: no special abilities


You were on level 4 of the Dungeon.
You visited 1 branch of the dungeon, and saw 4 of its levels.

You collected 204 gold pieces.

Inventory:

Jewellery
 e - a ring of protection from cold
Scrolls
 b - 2 scrolls of teleportation {unknown}
 c - a scroll of blinking {unknown}
 d - 7 scrolls of identify {unknown}
 f - 2 scrolls of butterflies {unknown}
 g - a scroll of silence {unknown}
 j - a scroll of fear {unknown}
Potions
 a - a potion of might
 h - a potion of magic {unknown}
 i - 3 potions of curing {unknown}
 k - a potion of ambrosia {unknown}
 l - a potion of lignification {unknown}


   Skills:
 + Level 3.3 Fighting
 + Level 4.9 Dodging
 + Level 2.2 Stealth
 + Level 5.4 Unarmed Combat


You had 2 spell levels left.
You didn't know any spells.
Your spell library was empty.

Dungeon Overview and Level Annotations

Branches:
Dungeon (4/15)
 Temple: D:4-7

Altars:
Okawaru
Zin


Innate Abilities, Weirdness & Mutations

You have sharp claws.
You have razor-sharp teeth.
You have supernaturally acute eyesight. (SInv)
You cover ground quickly. (Speed+)
You are covered in fur. (AC +1)
Your paws help you pounce on unaware monsters.
You are incapable of wielding weapons or throwing items.
You cannot wear armour.
You gain extra lives every three experience levels.


Message History

You miss the water moccasin.
The water moccasin is moderately wounded.
The water moccasin barely misses you.
You barely miss the water moccasin.
The water moccasin is moderately wounded.
The water moccasin barely misses you.
You miss the water moccasin.
The water moccasin is moderately wounded.
The water moccasin closely misses you. The water moccasin bites you!
You are lethally poisoned!
The water moccasin poisons you!
You barely miss the water moccasin.
The water moccasin is lightly wounded.
* * * LOW HITPOINT WARNING * * *
You feel very sick.
The water moccasin completely misses you.
You scratch the water moccasin.
The water moccasin is moderately wounded.
* * * LOW HITPOINT WARNING * * *
You feel sick. The water moccasin bites you!
You die...
You are now level 3!
You rejoin the land of the living...
Unknown command.
Unknown command.
Unknown command.
Unknown command.
Unknown command.
Annotate which branch? (. - D:4, ? - help, ! - show branch list)
Okay, then.
Unknown command.
Unknown command.
Your movement speed is quick.
Your attack delay is about 0.9.
Unknown command.
Are you sure you want to abandon this character and quit the game? (Confirm with "yes".)
Okay, then.
Unknown command.
Are you sure you want to abandon this character and quit the game? (Confirm with "yes".)
Okay, then.
Are you sure you want to abandon this character and quit the game? (Confirm with "yes".)

.........#.#####.## #.#
.........#.## #.#
............# #.#
.........#### ......#.#
.........###### #.....#.#
..............####.....#.#
########...............#.#
######...............#.#
#......@###..........#.#
#.......# #...?......#.#
#.......# #........###.#
#......># #.........S†.#
#.......# #......##.##.#
#.......# #....!.##..#.#
#.......# #......###.#.#
#.......# #......# #...#
###.......# #......# ##..#


There were no monsters in sight!

Vanquished Creatures
  4 gnolls (D:3)
  An adder (D:3)
  An ufetubus (D:4)
  3 worms
  A dart slug (D:2)
  3 bats
  5 endoplasms
  4 giant cockroaches (D:1)
  5 goblins
  5 hobgoblins
  8 jackals
  5 kobolds
  4 quokkas
  5 ball pythons
  3 frilled lizards
  5 rats
62 creatures vanquished.

Notes
Turn   | Place    | Note
-------+----------+-------------------------------------------
     0 | D:1      | xian the Felid Fighter began the quest for the Orb.
     0 | D:1      | Reached XP level 1. HP: 10/10 MP: 2/2
   314 | D:1      | Reached XP level 2. HP: 9/14 MP: 3/3
   766 | D:1      | Reached skill level 1 in Stealth
  1422 | D:2      | Reached XP level 3. HP: 13/17 MP: 4/4
  1880 | D:2      | Found a faded altar of an unknown god.
  2118 | D:2      | Identified the +1 robe of the Teacher {-Tele rC+ rN+ Dex+3}
  2764 | D:3      | Found a glowing silver altar of Zin.
  2940 | D:3      | Reached XP level 4. HP: 21/21 MP: 5/5
  2985 | D:3      | Reached skill level 5 in Unarmed Combat
  3428 | D:4      | Found an iron altar of Okawaru.
  3515 | D:4      | Noticed a water moccasin
  3532 | D:4      | Mangled by a water moccasin
  3533 | D:4      | Reached XP level 3. HP: -6/17 MP: 4/4
  3535 | D:4      | Quit the game

Illustrated notes

Levels and vault maps discovered:
D:1:      sevenhm_arrival_forest_fort_large_3, layout_basic
D:2:      layout_loops_ring, hellmonk_ecumenical_altar_dog_temple,
          nrook_mini_backslash
D:3:      layout_basic, lemuel_crystal_altar
D:4:      old_forge, layout_basic, okawaru_gym_becter, serial_shops, shop

Skill      XL: |  1  2  3  4 |
---------------+-------------+-----
Stealth        | 1 2 |  2.2
Unarmed Combat | 5 |  5.4
Fighting       | |  3.3
Dodging        | |  4.9

Action                   |  1- 3 |  4- 6 || total
-------------------------+-------+-------++-------
Melee: Unarmed           |   120 |    45 ||   165
       Bite              |     9 |     3 ||    12
       Punch             |     6 |     2 ||     8
 Stab: Sleeping          |     4 |     3 ||     7
Armor: Skin              |     6 |     1 ||     7
Dodge: Dodged            |    91 |    29 ||   120

Table legend: (Time is in decaauts)
 A = Elapsed time spent in this place.
 B = Non-inter-level travel time spent in this place.
 C = Inter-level travel time spent in this place.
 D = Time resting spent in this place.
 E = Time spent auto-exploring this place.
 F = Levels seen in this place.
 G = Mean time per level.
                   A        B        C        D        E       F      G
               +--------+--------+--------+--------+--------+-----+--------+
         Total |   3079 |   2995 |     84 |      0 |   2344 |   4 |  769.8 |
       Dungeon |   3079 |   2995 |     84 |      0 |   2344 |   4 |  769.8 |
               +--------+--------+--------+--------+--------+-----+--------+

Top non-repeatable levels by time:
     D:1: 1227 daAuts
     D:3: 934 daAuts
     D:2: 746 daAuts
     D:4: 170 daAuts
